 Dungeon Crawl Stone Soup version 0.30-a0-578-gdee14c521f (webtiles) character file.

Game seed: 13794684574190277609

649 themarg the Chiller (level 7, -5/53 HPs)
             Began as a Gnoll Wanderer on Dec 31, 2022.
             Was an Initiate of Gozag.
             Slain by a black bear (13 damage)
             ... on level 4 of the Dungeon.
             The game lasted 00:13:07 (3929 turns).

themarg the Chiller (Gnoll Wanderer)                Turns: 3929, Time: 00:13:08

Health: -5/53      AC:  1    Str: 10    XL:     7   Next: 53%
Magic:  10/12      EV: 12    Int:  6    God:    Gozag
Gold:   696        SH:  0    Dex: 17    Spells: 12/13 levels left

rFire   + + .      SeeInvis .    l - +3 dagger
rCold   + . .      Faith    .    (no shield)
rNeg    . . .      Spirit   .    q - +0 leather armour
rPois   +          Reflect  .    p - -2 hat of Hide-and-Seek {rPois rF++ Int-5 Dex+2}
rElec   .          Harm     .    (no cloak)
rCorr   .          Rampage  .    (no gloves)
Will    .....                    (no boots)
Stlth   ++                       (no amulet)
HPRegen 0.28/turn                n - ring of wizardry
MPRegen 0.13/turn                x - ring of protection from cold

@: no status effects
A: fangs 1, strong nose, distributed training
a: Renounce Religion, Potion Petition, Call Merchant, Bribe Branch


You were on level 4 of the Dungeon.
You worshipped Gozag.
Gozag was pleased with you.
You visited 1 branch of the dungeon, and saw 4 of its levels.
You also visited: Sewer.

You collected 696 gold pieces.

Inventory:

Hand Weapons
 l - a +3 dagger (weapon)
 C - a +0 heavy sling
Missiles
 b - 13 poisoned darts (quivered)
 e - 46 stones
 y - a curare-tipped dart
Armour
 d - a +0 robe
 p - the -2 hat of Hide-and-Seek (worn) {rPois rF++ Int-5 Dex+2}
   (You found it on level 2 of the Dungeon)

   Int:       It affects your intelligence (-5).
   Dex:       It affects your dexterity (+2).
   rF:        It greatly protects you from fire.
   rPois:     It protects you from poison.
 q - a +0 leather armour (worn)
 v - the +0 kite shield "Lilata" {rF+}
   (You found it on level 3 of the Dungeon)

   rF:        It protects you from fire.
 A - a +0 pair of boots
Jewellery
 n - a ring of wizardry (left hand)
 x - a ring of protection from cold (right hand)
Scrolls
 c - a scroll of fear
 h - 2 scrolls of enchant armour {unknown}
 i - a scroll of magic mapping {unknown}
 j - a scroll of noise {unknown}
 k - a scroll of torment {unknown}
 m - 2 scrolls of blinking
 r - 2 scrolls of fog {unknown}
 s - 3 scrolls of amnesia {unknown}
 t - a scroll of vulnerability {unknown}
 u - 2 scrolls of enchant weapon {unknown}
 w - a scroll of identify {unknown}
 B - a scroll of poison {unknown}
 D - a scroll of teleportation {unknown}
Potions
 a - a potion of might {unknown}
 f - 3 potions of lignification {unknown}
 g - 3 potions of heal wounds
 o - 3 potions of flight
 z - a potion of curing {unknown}


   Skills:
 + Level 3.7 Fighting
 + Level 2.6 Short Blades
 + Level 2.6 Long Blades
 + Level 2.6 Axes
 + Level 2.6 Maces & Flails
 + Level 2.6 Polearms
 + Level 2.6 Staves
 + Level 2.6 Ranged Weapons
 + Level 3.7 Throwing
 + Level 2.6 Armour
 + Level 2.6 Dodging
 + Level 2.6 Stealth
 + Level 2.6 Shields
 + Level 2.6 Unarmed Combat
 + Level 3.9 Spellcasting
 + Level 2.1 Conjurations
 + Level 2.1 Hexes
 + Level 4.4 Summonings
 + Level 2.1 Necromancy
 + Level 2.1 Translocations
 + Level 2.1 Transmutations
 + Level 2.1 Fire Magic
 + Level 5.9 Ice Magic
 + Level 2.1 Air Magic
 + Level 2.1 Earth Magic
 + Level 2.1 Poison Magic
 + Level 3.0 Invocations
 + Level 5.3 Evocations


You had 12 spell levels left.
You knew the following spells:

 Your Spells              Type           Power      Damage    Failure   Level
a - Freeze                Ice            32%        1d5       1%          1

Your spell library contained the following spells:

 Spells                   Type           Power      Damage    Failure   Level
 Summon Small Mammal      Summ           24%        N/A       3%          1
 Ozocubu's Armour         Ice            8%         N/A       4%          3
 Call Canine Familiar     Summ           6%         N/A       9%          3
 Summon Guardian Golem    Hex/Summ       5%         N/A       14%         3
 Animate Armour           Summ/Erth      10%        N/A       41%         4


Dungeon Overview and Level Annotations

Branches:
Dungeon (4/15)              Sewer (visited)
 Temple: D:4-7

Altars:
Dithmenos
Gozag
Lugonu

Shops:
D:1 *

Portals:
Abyss: D:3

Annotations:
D:4 Pargi


Innate Abilities, Weirdness & Mutations

You have very sharp teeth.
Your uncanny sense of smell can sniff out nearby items.
Your experience applies equally to all skills.


Message History

The black bear is poisoned.
Throw: 14 darts (poison)
Press: ? - help, Q - select action, (/) - cycle Shift-Dir - straight line, f/p - black bear
Aim: a black bear (lightly wounded, poisoned, 69% to hit)
You throw a poisoned dart. The poisoned dart hits the black bear.
The black bear looks even sicker.
The black bear is lightly wounded.
Aiming: Freeze (safe; 1% risk of failure)
Press: ? - help, Shift-Dir - straight line, f/p - black bear
Aim: a black bear (lightly wounded, very poisoned)
You freeze the black bear.
The black bear is moderately wounded.
The black bear bites you! The black bear claws you. x2
Aiming: Freeze (safe; 1% risk of failure)
Press: ? - help, Shift-Dir - straight line, f/p - black bear
Aim: a black bear (moderately wounded, very poisoned)
You freeze the black bear.
The black bear is heavily wounded.
The black bear barely misses you. The black bear closely misses you. x2
You hit the black bear but do no damage.
The black bear is heavily wounded.
The black bear barely misses you. The black bear claws you. x2
You hit the black bear.
The black bear is severely wounded.
The black bear goes berserk!
You hit the black bear. Your bite misses the black bear.
The black bear is severely wounded.
The black bear closely misses you. The black bear claws you. x2
You hit the black bear.
The black bear is severely wounded.
The black bear bites you!
* * * LOW HITPOINT WARNING * * *
The black bear completely misses you. The black bear misses you.
You barely miss the black bear.
The black bear is almost dead.
The black bear closely misses you. The black bear claws you!
* * * LOW HITPOINT WARNING * * *
The black bear closely misses you. The black bear bites you!
You die...
Your body crumbles into a pile of gold.

....##........#
#####.#.##.# #.
.......#...)..# #
#.#.##.# #.
##............# .###
#.#.##.# ..
##.....#P.....#....
#.##.# #.
##......))....#..### #.
... ..
.#.....##...P#.....# ∆
.## # ................#
#
.#...........#####.###..
.+........##.#..@h......
.....###.##......(..###
.≈≈≈≈ ≈≈######....## ...
..≈# #...## ## #.≈#
#.>.# ∆ #.≈ ###.# .. ###


You could see a black bear (berserk, poisoned).

Vanquished Creatures
  Sigmund (D:2)
  A water moccasin (D:4)
  2 ogres (D:4)
  A kobold brigand (Sewer)
  4 adders
  2 river rats (D:4)
  2 worms
  An orc (D:4)
  5 ball pythons
  8 endoplasms
  3 giant cockroaches
  9 goblins
  4 hobgoblins
  7 jackals
  10 kobolds
  8 quokkas
  7 bats
  4 frilled lizards
  7 rats
86 creatures vanquished.

Vanquished Creatures (others)
  A lurking horror (D:3)
  7 plants (D:4)
8 creatures vanquished.

Grand Total: 94 creatures vanquished

Notes
Turn   | Place    | Note
-------+----------+-------------------------------------------
     0 | D:1      | themarg the Gnoll Wanderer began the quest for the Orb.
     0 | D:1      | themarg set off with the following items: a +0 dagger, 14
                  | poisoned darts, a scroll of fear, a +0 robe; and the
                  | following spells available to memorise: Freeze, Summon
                  | Small Mammal, Ozocubu's Armour, Call Canine Familiar,
                  | Animate Armour.
     0 | D:1      | Reached XP level 1. HP: 17/17 MP: 4/4
     2 | D:1      | Learned a level 1 spell: Freeze
   115 | D:1      | Reached XP level 2. HP: 17/23 MP: 3/5
   262 | D:1      | Found Muqahuvo's Assorted Antiques.
   358 | D:1      | Found a faded altar of an unknown god.
   364 | D:1      | Prayed at the altar of an unknown god.
   364 | D:1      | Became a worshipper of Gozag Ym Sagoz the Greedy
   453 | D:1      | Reached XP level 3. HP: 27/28 MP: 4/7
   734 | D:1      | Reached skill level 1 in Invocations
  1027 | D:2      | Noticed Sigmund
  1043 | D:2      | Killed Sigmund
  1044 | D:2      | Reached skill level 1 in Short Blades
  1044 | D:2      | Reached skill level 1 in Long Blades
  1044 | D:2      | Reached skill level 1 in Axes
  1044 | D:2      | Reached skill level 1 in Maces & Flails
  1044 | D:2      | Reached skill level 1 in Polearms
  1044 | D:2      | Reached skill level 1 in Staves
  1044 | D:2      | Reached skill level 1 in Ranged Weapons
  1044 | D:2      | Reached skill level 1 in Armour
  1044 | D:2      | Reached skill level 1 in Dodging
  1044 | D:2      | Reached skill level 1 in Stealth
  1044 | D:2      | Reached skill level 1 in Shields
  1044 | D:2      | Reached skill level 1 in Unarmed Combat
  1044 | D:2      | Reached skill level 1 in Conjurations
  1044 | D:2      | Reached skill level 1 in Hexes
  1044 | D:2      | Reached skill level 1 in Necromancy
  1044 | D:2      | Reached skill level 1 in Translocations
  1044 | D:2      | Reached skill level 1 in Transmutations
  1044 | D:2      | Reached skill level 1 in Fire Magic
  1044 | D:2      | Reached skill level 1 in Air Magic
  1044 | D:2      | Reached skill level 1 in Earth Magic
  1044 | D:2      | Reached skill level 1 in Poison Magic
  1044 | D:2      | Reached XP level 4. HP: 16/35 MP: 8/8
  1044 | D:2      | Reached XP level 5. HP: 18/41 MP: 9/9
  1408 | D:2      | Identified the -2 hat of Hide-and-Seek {rPois rF++ Int-5
                  | Dex+2}
  1871 | D:2      | Reached XP level 6. HP: 43/47 MP: 8/11
  1986 | D:3      | Identified the +0 kite shield "Lilata" {rF+}
  2276 | D:3      | Found a corrupted altar of Lugonu.
  2276 | D:3      | Found a one-way gate to the infinite horrors of the Abyss.
  2708 | D:4      | Noticed Pargi
  2769 | D:4      | Reached skill level 5 in Evocations
  2782 | D:4      | Found a shadowy altar of Dithmenos.
  2820 | D:4      | Found a glowing drain.
  2839 | Sewer    | Entered a sewer
  3225 | Sewer    | Reached XP level 7. HP: 47/52 MP: 9/12
  3263 | Sewer    | Found a white marble altar of Elyvilon.
  3929 | D:4      | Slain by a black bear

Illustrated notes

Levels and vault maps discovered:
D:1:      denvon_arrival_waterhouse, layout_loops_ring, basic_ecumenical_altar,
          serial_shops, nicolae_shop_hallway_stairs
D:2:      layout_basic, minmay_tetromino_t2, uniq_sigmund
D:3:      layout_rooms, amcnicky_altar_lugonu_corruption
D:4:      cheibrodos_old_hovel, layout_basic, overflow_temple_1_default,
          nicolae_overflow_squiral, portal_sewer_entry_b,
          nicolae_kite_square_tiling_tiny, uniq_pargi, uniq_grinder

Skill      XL: |  1  2  3  4  5  6  7 |
---------------+----------------------+-----
Invocations    | 1 2 3 |  3.0
Fighting       | 3 |  3.7
Short Blades   | 1 2 |  2.6
Long Blades    | 1 2 |  2.6
Axes           | 1 2 |  2.6
Maces & Flails | 1 2 |  2.6
Polearms       | 1 2 |  2.6
Staves         | 1 2 |  2.6
Ranged Weapons | 1 2 |  2.6
Throwing       | 3 |  3.7
Armour         | 1 2 |  2.6
Dodging        | 1 2 |  2.6
Stealth        | 1 2 |  2.6
Shields        | 1 2 |  2.6
Unarmed Combat | 1 2 |  2.6
Spellcasting   | 3 |  3.9
Conjurations   | 1 2 |  2.1
Hexes          | 1 2 |  2.1
Summonings     | 4 |  4.4
Necromancy     | 1 2 |  2.1
Translocations | 1 2 |  2.1
Transmutations | 1 2 |  2.1
Fire Magic     | 1 2 |  2.1
Air Magic      | 1 2 |  2.1
Earth Magic    | 1 2 |  2.1
Poison Magic   | 1 2 |  2.1
Evocations     | 5 |  5.3
Ice Magic      | |  5.9

Action                   |  1- 3 |  4- 6 |  7- 9 || total
-------------------------+-------+-------+-------++-------
Melee: Dagger            |    46 |    83 |    37 ||   166
       Bite              |     4 |     5 |     4 ||    13
       Punch             |       |     2 |     2 ||     4
Throw: Dart              |     9 |     4 |     2 ||    15
       Stone             |       |       |     1 ||     1
 Cast: Freeze            |    25 |    52 |    17 ||    94
  Use: Scroll            |       |     1 |       ||     1
 Stab: Sleeping          |     3 |     1 |       ||     4
       Distracted        |       |     1 |       ||     1
Armor: Robe              |    17 |       |       ||    17
Dodge: Dodged            |    39 |    65 |    26 ||   130

Table legend: (Time is in decaauts)
 A = Elapsed time spent in this place.
 B = Non-inter-level travel time spent in this place.
 C = Inter-level travel time spent in this place.
 D = Time resting spent in this place.
 E = Time spent auto-exploring this place.
 F = Levels seen in this place.
 G = Mean time per level.
                   A        B        C        D        E       F      G
               +--------+--------+--------+--------+--------+-----+--------+
         Total |   3974 |   3902 |     72 |    334 |   2594 |   5 |  794.8 |
       Dungeon |   3418 |   3346 |     72 |    131 |   2495 |   4 |  854.5 |
         Sewer |    556 |    556 |      0 |    203 |     99 |   1 |  556.0 |
               +--------+--------+--------+--------+--------+-----+--------+

Top non-repeatable levels by time:
     D:1: 1008 daAuts
     D:2: 925 daAuts
     D:3: 768 daAuts
     D:4: 716 daAuts
   Sewer: 556 daAuts
